 Dungeon Crawl Stone Soup version 0.32-a0-870-g877066f4b4 (webtiles) character file.

Game seed: 4732225929309455950

156 schroeder the Poker (level 5, -3/47 HPs)
             Began as a Minotaur Berserker on Mar 29, 2024.
             Was a Believer of Trog.
             Slain by an orc
             ... wielding a +0 flail
              (4 damage)
             ... on level 4 of the Dungeon.
             The game lasted 00:09:45 (2506 turns).

schroeder the Poker (Minotaur Berserker)            Turns: 2506, Time: 00:09:47

Health: -3/47      AC:  5    Str: 24    XL:     5   Next: 15%
Magic:  4/4        EV: 10    Int:  4    God:    Trog [**....]
Gold:   230        SH:  0    Dex:  9    Spells: 4/4 levels left

rFire   . . .        k - +2 dagger (flame)
rCold   . . .        (no shield)
rNeg    . . .        c - +0 ring mail
rPois   .            (helmet restricted)
rElec   .            (no cloak)
rCorr   .            (no gloves)
SInv    .            (no boots)
Will    .....        (no amulet)
Stlth   +            (no ring)
HPRegen 0.27/turn    (no ring)
MPRegen 0.09/turn

%: no passive effects
@: no status effects
A: horns 2, retaliatory headbutt
a: Renounce Religion, Berserk, Trog's Hand


You were on level 4 of the Dungeon.
You worshipped Trog.
Trog was pleased with you.
You visited 1 branch of the dungeon, and saw 4 of its levels.

You collected 230 gold pieces.

Inventory:

Hand Weapons
 a - a +1 spear
 k - a +2 dagger of flaming (weapon)
Armour
 b - a +0 animal skin
 c - a +0 ring mail (worn)
Scrolls
 d - a scroll of vulnerability {unknown}
 e - a scroll of fog {unknown}
 g - 2 scrolls of enchant weapon
 h - 2 scrolls of identify {unknown}
 j - a scroll of noise {unknown}
Potions
 f - a potion of enlightenment {unknown}
 i - a potion of curing {unknown}


   Skills:
 + Level 4.6 Fighting
 + Level 5.2 Polearms
 + Level 3.4 Armour
 + Level 3.1 Dodging
 + Level 0.6 Stealth


You had 4 spell levels left.
You didn't know any spells.
Your spell library was empty.

Dungeon Overview and Level Annotations

Branches:
Dungeon (4/15)
 Temple: D:4-7

Altars:
Makhleb

Shops:
D:2 *


Innate Abilities, Weirdness & Mutations

You have a pair of horns on your head.
You reflexively headbutt those who attack you in melee.


Message History

You hit the orc priest. You burn the orc priest.
The orc priest is lightly wounded.
The orc priest miscasts a cantrip.
The orc hits you but does no damage. The orc misses you.
You hit the orc priest. You burn the orc priest.
The orc priest is moderately wounded.
The orc priest invokes the aid of Beogh against you.
Beogh smites you!
The orc wizard hits you but does no damage.
The orc closely misses you. The orc barely misses you. You furiously retaliate!
You headbutt the orc!
You kill the orc!
Trog accepts your kill.
You closely miss the orc priest. You headbutt the orc priest!
The orc priest is almost dead.
The orc priest hits you with a +0 flail!
The orc closely misses you.
The orc wizard hits you but does no damage.
You closely miss the orc priest.
The orc priest is almost dead.
The orc priest calls down the wrath of Beogh upon you.
Beogh smites you!
* * * LOW HITPOINT WARNING * * *
The orc wizard hits you with a +0 dagger.
* * * LOW HITPOINT WARNING * * *
The orc barely misses you. You furiously retaliate!
You headbutt the orc. You closely miss the orc priest.
The orc priest is almost dead.
The orc priest hits you but does no damage.
The orc wizard closely misses you. You furiously retaliate!
You headbutt the orc wizard, but do no damage.
The orc closely misses you.
You closely miss the orc priest.
The orc priest is almost dead.
The orc priest hits you but does no damage.
The orc wizard points at you and mumbles some strange words.
The magic dart hits you!
* * * LOW HITPOINT WARNING * * *
The orc hits you with a +0 flail.
You die...

#### ###..#
#..###.)o.#
#)...o@..#
#....o#..#
#.....#..#
#.........#
..........#
.........##
.......###
.......


You could see an orc priest, an orc wizard and an orc.

Vanquished Creatures
  A bombardier beetle (D:3)
  An orc wizard (D:3)
  An adder (D:3)
  A gnoll (D:1)
  A dart slug (D:2)
  A ribbon worm (D:2)
  4 orcs
  8 endoplasms
  3 giant cockroaches
  6 goblins
  6 hobgoblins
  5 kobolds
  9 quokkas
  5 ball pythons
  5 bats
  5 frilled lizards
  4 rats
66 creatures vanquished.

Notes
Turn   | Place    | Note
-------+----------+-------------------------------------------
     0 | D:1      | schroeder the Minotaur Berserker began the quest for the
                  | Orb.
     0 | D:1      | Reached XP level 1. HP: 19/19 MP: 0/0
     5 | D:1      | Noticed a minotaur skeleton
    12 | D:1      | Noticed a minotaur skeleton
   149 | D:1      | Reached XP level 2. HP: 17/27 MP: 1/1
   417 | D:1      | Reached skill level 4 in Polearms
   610 | D:1      | Reached XP level 3. HP: 20/33 MP: 2/2
   640 | D:1      | Reached ** piety under Trog
  1127 | D:2      | Found Qonk's General Store.
  1187 | D:2      | Found a burning altar of Makhleb.
  1346 | D:2      | Reached XP level 4. HP: 40/41 MP: 3/3
  1906 | D:3      | Found a faded altar of an unknown god.
  2178 | D:3      | Reached skill level 5 in Polearms
  2340 | D:3      | Reached XP level 5. HP: 46/47 MP: 4/4
  2506 | D:4      | HP: 1/47 [orc wizard/magic dart (9)]
  2506 | D:4      | Slain by an orc

Illustrated notes

Levels and vault maps discovered:
D:1:      shiori_arrival_whats_in_store_for_you, layout_rooms,
          kennysheep_minor_cross, minmay_vboxes
D:2:      layout_rooms, basic_altar, serial_shops, shop, columned_hall_lemuel
D:3:      layout_loops_ring, chequers_ecumenical_altar_simple_redux
D:4:      layout_layer_cave

Skill      XL: |  1  2  3  4 |
---------------+-------------+-----
Fighting       | 4 |  4.6
Polearms       | 4 5 |  5.2
Armour         | 3 |  3.4
Dodging        | 3 |  3.1
Stealth        | |  0.6

Action                     |  1- 3 |  4- 6 || total
---------------------------+-------+-------++-------
  Melee: Spear             |    83 |    62 ||   145
         Headbutt          |    14 |    10 ||    24
         Dagger            |       |     6 ||     6
    Use: Potion            |     4 |       ||     4
         Scroll            |     2 |       ||     2
   Stab: Sleeping          |     1 |       ||     1
 Armour: Animal skin       |    34 |       ||    34
         Ring mail         |    17 |    49 ||    66
  Dodge: Dodged            |    74 |    25 ||    99

Table legend: (Time is in decaauts)
 A = Elapsed time spent in this place.
 B = Non-inter-level travel time spent in this place.
 C = Inter-level travel time spent in this place.
 D = Time resting spent in this place.
 E = Time spent auto-exploring this place.
 F = Levels seen in this place.
 G = Mean time per level.
                   A        B        C        D        E       F      G
               +--------+--------+--------+--------+--------+-----+--------+
         Total |   2500 |   2346 |    154 |    215 |    158 |   4 |  625.0 |
       Dungeon |   2500 |   2346 |    154 |    215 |    158 |   4 |  625.0 |
               +--------+--------+--------+--------+--------+-----+--------+

Top non-repeatable levels by time:
     D:3: 927 daAuts
     D:1: 888 daAuts
     D:2: 677 daAuts
     D:4: 7 daAuts
